 Dungeon Crawl Stone Soup version 0.22.1-2-g9c5b331 (webtiles) character file.

116 teukkam the Skirmisher (level 4, -7/42 HPs)
             Began as a Minotaur Berserker on Nov 15, 2018.
             Was a Believer of Trog.
             Mangled by an ogre
             ... wielding a +0 giant club
              (11 damage)
             ... on level 3 of the Dungeon.
             The game lasted 00:05:16 (1310 turns).

teukkam the Skirmisher (Minotaur Berserker)         Turns: 1310, Time: 00:05:16

Health: -7/42      AC:  8    Str: 22    XL:     4   Next: 69%
Magic:  3/3        EV:  8    Int:  9    God:    Trog [**....]
Gold:   71         SH:  0    Dex: 10    Spells: 3/3 levels left

rFire    . . .     SeeInvis .   k - +0 spear (curse)
rCold    . . .     Gourm    .   (no shield)
rNeg     . . .     Faith    .   h - +0 chain mail (curse)
rPois    .         Spirit   .   (helmet restricted)
rElec    .         Reflect  .   (no cloak)
rCorr    .         Harm     .   (no gloves)
MR       .....                  (no boots)
Stlth    ..........             (no amulet)
HPRegen  0.14/turn              (no ring)
MPRegen  0.08/turn              (no ring)

@: brilliant
A: retaliatory headbutt, horns 2
a: Berserk, Trog's Hand, Renounce Religion


You were on level 3 of the Dungeon.
You worshipped Trog.
Trog was pleased with you.
You were not hungry.

You visited 1 branch of the dungeon, and saw 3 of its levels.

You collected 71 gold pieces.

Inventory:

Hand Weapons
 a - a +0 hand axe
 j - a +0 hunting sling
 k - a cursed +0 spear (weapon)
Missiles
 g - 8 curare-tipped needles
 m - 26 arrows
 n - 35 stones (quivered)
 p - 14 sling bullets
Armour
 h - a cursed +0 chain mail (worn)
Scrolls
 l - a scroll of amnesia {unknown}
Potions
 e - a potion of magic {unknown}
 f - 3 potions of mutation {unknown}
 i - a potion of ambrosia {unknown}
 o - a potion of heal wounds {unknown}
Comestibles
 c - 4 rations
 d - 7 chunks of flesh


   Skills:
 + Level 5.3 Fighting
 - Level 5.1(5.2) Axes
 + Level 1.2(3.4) Polearms
 - Level 2.4 Armour
 - Level 2.1 Dodging


You had 3 spell levels left.
You didn't know any spells.
Your spell library was empty.

Dungeon Overview and Level Annotations

Branches:
Dungeon (3/15)

Altars:
Ru
Wu Jian


Innate Abilities, Weirdness & Mutations

You reflexively headbutt those who attack you in melee.
You have a pair of horns on your head.


Message History

The ogre barely misses you.
You hit the ogre. Your headbutt misses the ogre.
The ogre is moderately wounded.
You hit the ogre.
The ogre is moderately wounded.
The ogre hits you with a giant club!
You hit the ball python but do no damage.
The ball python misses you. You furiously retaliate!
You headbutt the ball python!
You kill the ball python!
Trog accepts your kill. The ogre hits you with a giant club!
You hit the ogre.
The ogre is heavily wounded.
The ogre hits you with a giant club!!
* * * LOW HITPOINT WARNING * * *
It was a potion of brilliance.
You feel clever all of a sudden. The ogre hits you with a giant club!
You die...

#........#
#........#
#........#
#........#######.
#.......<........
.
#..#.##...#.#####
.. # #.....## ...
##..#..# ##...#
##..@O###.....#
###....†......
#...#...(##..
.........†......
.................
..#..............
. #..............
...............
.####..........


You could see an ogre.

Vanquished Creatures
  Jessica (D:2)
  3 adders (D:2)
  An ooze (D:2)
  2 worms (D:2)
  2 leopard geckos
  A ball python (D:3)
  3 giant cockroaches
  6 goblins
  4 hobgoblins (D:2)
  9 jackals
  5 kobolds
  2 quokkas
  2 bats
  2 frilled lizards
  4 rats
47 creatures vanquished.

Notes
Turn   | Place    | Note
-------+----------+-------------------------------------------
     0 | D:1      | teukkam the Minotaur Berserker began the quest for the Orb.
     0 | D:1      | Reached XP level 1. HP: 19/19 MP: 0/0
    98 | D:1      | Reached XP level 2. HP: 16/27 MP: 1/1
   378 | D:2      | Noticed Jessica
   384 | D:2      | Killed Jessica
   384 | D:2      | Reached XP level 3. HP: 34/34 MP: 2/2
   387 | D:2      | Found an ornate altar of the Wu Jian Council.
   612 | D:2      | Reached skill level 5 in Axes
   612 | D:2      | Reached XP level 4. HP: 41/41 MP: 3/3
   631 | D:2      | Reached skill level 5 in Fighting
   721 | D:2      | Reached ** piety under Trog
   773 | D:2      | Found a sacrificial altar of Ru.
  1119 | D:2      | Reached skill level 1 in Polearms
  1297 | D:3      | Noticed an ogre
  1310 | D:3      | Mangled by an ogre

Skill      XL: |  1  2  3  4 |
---------------+-------------+-----
Fighting       | 4 5 |  5.3
Axes           | 4 5 |  5.1
Polearms       | 1 |  1.2
Armour         | |  2.4
Dodging        | |  2.1

Action                   |  1- 3 |  4- 6 || total
-------------------------+-------+-------++-------
Melee: Hand axe          |    34 |    13 ||    47
       Headbutt          |     8 |    16 ||    24
       Spear             |       |    59 ||    59
Invok: Berserk           |     1 |       ||     1
  Use: Scroll            |       |     1 ||     1
       Potion            |       |     1 ||     1
 Stab: Sleeping          |     1 |       ||     1
  Eat: Chunk             |       |     2 ||     2
Armor: Animal skin       |     7 |       ||     7
       Chain mail        |       |    22 ||    22
Dodge: Dodged            |    16 |    22 ||    38
